[Event "Nordic Youth Chess Championships 2022: Class B - U17"]
[Site "Scandic Helsingborg Nord, Florettgatan 41, Helsingborg, Sweden"]
[Date "2022.08.28"]
[Round "5.6"]
[White "Vainikka, Toni"]
[Black "Polkki, Eino"]
[Result "1/2-1/2"]
[WhiteElo "1995"]
[BlackElo "1757"]
[TimeControl "90 minutes with 30 seconds increment per move."]
[WhiteFideId "514861"]
[BlackFideId "515779"]

1.d4 Nf6 2.c4 e6 3.Nf3 d5 4.g3 Be7 5.Bg2 O-O 6.O-O c6 7.Nc3 b6 8.Ne5 Bb7 
9.Qc2 Nbd7 10.Rd1 Rc8 11.e4 Qc7 12.Bf4 Bd6 13.exd5 exd5 14.cxd5 cxd5 15.
Qf5 g6 16.Qg5 a6 17.Rac1 Qb8 18.Nxd7 Nxd7 19.Bxd6 Qxd6 20.Bxd5 h6 21.Qf4 
Qxf4 22.gxf4 Bxd5 23.Nxd5 Kg7 24.Nc7 a5 25.Rd3 Nc5 26.dxc5 Rxc7 27.Rdc3 
Rxc5 28.Rxc5 bxc5 29.Rxc5 Rb8 30.Rxa5 Rxb2 31.Kg2 Kf6 32.a4 Rb4 33.Kg3 g5 
34.fxg5+ hxg5 35.f3 Kg6 36.Ra6+ f6 37.Ra8 Kf5 38.h3 Rb1 39.Rc8 Ra1 40.Rc5+
Kg6 41.a5 f5 42.h4 f4+ 43.Kh3 Rh1+ 44.Kg2 Rxh4 45.Rc7 g4 46.a6 gxf3+ 47.
Kxf3 Rh3+ 48.Kxf4 Ra3 49.a7 Kf6 50.Ke4 Ke6 51.Rh7 Kd6 1/2-1/2

[Event "Nordic Youth Chess Championships 2022: Class B - U17"]
[Site "Scandic Helsingborg Nord, Florettgatan 41, Helsingborg, Sweden"]
[Date "2022.08.28"]
[Round "6.1"]
[White "Nielsen, Jon I Horni"]
[Black "Elmi, Saad Abobaker"]
[Result "1/2-1/2"]
[WhiteElo "1995"]
[BlackElo "2110"]
[TimeControl "90 minutes with 30 seconds increment per move."]
[WhiteFideId "7202105"]
[BlackFideId "1553259"]

1.e4 c5 2.Nf3 d6 3.Bb5+ Nd7 4.O-O Nf6 5.Re1 a6 6.Bf1 b6 7.c3 Bb7 8.Qc2 Rc8
9.a4 g6 10.d3 Bg7 11.h3 O-O 12.Be3 c4 13.Nbd2 cxd3 14.Bxd3 Nc5 15.Bxc5 
dxc5 16.Rad1 Qc7 17.Bc4 Nh5 18.Bd5 Nf4 19.Bxb7 Qxb7 20.g3 Ne6 21.Nc4 b5 
22.axb5 axb5 23.Nce5 Rfd8 24.Rxd8+ Rxd8 25.Qb3 h6 26.Kg2 c4 27.Qb4 Qc7 28.
Qxb5 Rb8 29.Qd5 Rd8 30.Qb5 Rb8 31.Qd5 1/2-1/2

[Event "Nordic Youth Chess Championships 2022: Class B - U17"]
[Site "Scandic Helsingborg Nord, Florettgatan 41, Helsingborg, Sweden"]
[Date "2022.08.28"]
[Round "6.2"]
[White "Domalchuk-Jonasson, Aleksandr"]
[Black "Liu, Casper"]
[Result "1/2-1/2"]
[WhiteElo "2174"]
[BlackElo "2328"]
[TimeControl "90 minutes with 30 seconds increment per move."]
[BlackTitle "FM"]
[WhiteFideId "14142805"]
[BlackFideId "1454153"]

1.d4 Nf6 2.c4 g6 3.Nc3 d5 4.cxd5 Nxd5 5.e4 Nxc3 6.bxc3 Bg7 7.Bc4 c5 8.Ne2 
Nc6 9.Be3 O-O 10.O-O Bg4 11.f3 Na5 12.Bxf7+ Rxf7 13.fxg4 Rxf1+ 14.Kxf1 Qd6
15.Kg1 Qe6 16.e5 Qxg4 17.Ng3 Qe6 18.Ne4 cxd4 19.cxd4 Rd8 20.Qa4 b6 21.Rc1 
Rc8 22.Rxc8+ Qxc8 23.h3 h6 24.Bd2 Kh7 25.Be3 Nc4 26.Bf2 Nb2 27.Qb3 Qc1+ 
28.Kh2 Nc4 29.Qc3 Qxc3 30.Nxc3 Nxe5 31.Nb5 Nd3 32.Be3 a6 33.Nc7 Nb4 34.Kg3
a5 35.a4 Nc2 36.Kf3 Bxd4 37.Bxd4 Nxd4+ 38.Ke3 Nb3 39.Nd5 Nc5 40.Nxb6 e5 
41.Nc4 Nxa4 42.Nxa5 Kg7 43.Ke4 Kf6 44.Nc4 Nc3+ 45.Kd3 Nd5 46.Ke4 Nf4 47.
Nxe5 Nxg2 48.Ng4+ Kg5 49.Kf3 h5 50.Ne5 Nh4+ 51.Ke4 Kf6 52.Nd7+ Ke7 53.Nc5 
g5 54.Ke5 Kf7 55.Nd7 Kg6 56.Ke4 Kh6 57.Ne5 Kg7 58.Nc4 Kf6 59.Ne3 Ng6 60.
Nd5+ Ke6 61.Nc7+ Kd7 62.Nd5 Ke6 1/2-1/2

[Event "Nordic Youth Chess Championships 2022: Class B - U17"]
[Site "Scandic Helsingborg Nord, Florettgatan 41, Helsingborg, Sweden"]
[Date "2022.08.28"]
[Round "6.3"]
[White "Unneland, Mathias"]
[Black "Ostlund, Joar"]
[Result "1/2-1/2"]
[WhiteElo "2257"]
[BlackElo "2257"]
[TimeControl "90 minutes with 30 seconds increment per move."]
[WhiteTitle "FM"]
[BlackTitle "CM"]
[WhiteFideId "1525581"]
[BlackFideId "1735020"]

1.d4 Nf6 2.c4 e6 3.Nc3 d5 4.cxd5 exd5 5.Bg5 c6 6.e3 h6 7.Bh4 Be7 8.Bd3 O-O
9.Nf3 Re8 10.Qc2 Ne4 11.Bxe4 Bxh4 12.Bh7+ Kh8 13.Bf5 Rxe3+ 14.Kf1 Bxf5 15.
Qxf5 Re6 16.Qxf7 Qe7 17.Qf4 Bf6 18.g3 Qb4 19.Kg2 Nd7 20.Qd2 Rae8 21.Rae1 
Rxe1 22.Rxe1 Rxe1 23.Qxe1 Nf8 24.Qe8 Kg8 25.Ne2 Qxb2 26.Nf4 Qb6 27.Ne5 
Qxd4 28.Nfg6 Bxe5 29.Ne7+ Kh7 30.Qxf8 Qe4+ 31.Kh3 h5 32.f4 Bxf4 33.Qg8+ 
Kh6 34.Qh8+ Qh7 35.Nf5+ Kg6 36.Nh4+ Kh6 37.Nf5+ Kg6 38.Nh4+ Kh6 39.Nf5+ 
1/2-1/2

[Event "Nordic Youth Chess Championships 2022: Class B - U17"]
[Site "Scandic Helsingborg Nord, Florettgatan 41, Helsingborg, Sweden"]
[Date "2022.08.28"]
[Round "6.4"]
[White "Apol, Luitjen Akselsson"]
[Black "Briem, Benedikt"]
[Result "1/2-1/2"]
[WhiteElo "2289"]
[BlackElo "2223"]
[TimeControl "90 minutes with 30 seconds increment per move."]
[WhiteFideId "7202466"]
[BlackFideId "2315432"]

1.e4 c5 2.Nf3 d6 3.Bb5+ Bd7 4.Bxd7+ Nxd7 5.O-O Ngf6 6.Qe2 e6 7.c3 Be7 8.d4
O-O 9.Re1 Rc8 10.Nbd2 Qc7 11.Nf1 cxd4 12.cxd4 Qc2 13.Ng3 Qxe2 14.Rxe2 Rc7 
15.b3 1/2-1/2

[Event "Nordic Youth Chess Championships 2022: Class B - U17"]
[Site "Scandic Helsingborg Nord, Florettgatan 41, Helsingborg, Sweden"]
[Date "2022.08.28"]
[Round "6.5"]
[White "Polkki, Eino"]
[Black "Falkevall, Axel"]
[Result "0-1"]
[WhiteElo "1757"]
[BlackElo "2256"]
[TimeControl "90 minutes with 30 seconds increment per move."]
[BlackTitle "FM"]
[WhiteFideId "515779"]
[BlackFideId "1735560"]

1.d4 Nf6 2.c4 g6 3.Nc3 Bg7 4.e4 d6 5.h3 O-O 6.Be3 e5 7.d5 Na6 8.Nge2 Nc5 
9.f3 a5 10.g4 c6 11.Ng3 h5 12.Bg5 h4 13.Nge2 a4 14.Qd2 Qa5 15.Bxh4 cxd5 
16.cxd5 b5 17.Bg5 Ba6 18.Nc1 b4 19.N3e2 Nfxe4 20.fxe4 Nxe4 21.Qe3 Nxg5 22.
Qxg5 e4 23.Qd2 e3 24.Qxe3 Rfe8 25.Qd2 a3 26.Nd3 axb2 27.Rb1 Bc3 0-1

[Event "Nordic Youth Chess Championships 2022: Class B - U17"]
[Site "Scandic Helsingborg Nord, Florettgatan 41, Helsingborg, Sweden"]
[Date "2022.08.28"]
[Round "6.6"]
[White "Meskenas, Paulius"]
[Black "Vainikka, Toni"]
[Result "1-0"]
[WhiteElo "2177"]
[BlackElo "1995"]
[TimeControl "90 minutes with 30 seconds increment per move."]
[WhiteFideId "12809969"]
[BlackFideId "514861"]

1.e4 e5 2.Nf3 Nc6 3.d4 exd4 4.Nxd4 Nf6 5.Nxc6 bxc6 6.e5 Qe7 7.Qe2 Nd5 8.c4
Ba6 9.b3 g6 10.f4 g5 11.fxg5 Bg7 12.Bb2 Qxg5 13.Nd2 O-O-O 14.Nf3 Qe3 15.g3
d6 16.Bh3+ Kb7 17.Qxe3 Nxe3 18.Ke2 Nd5 19.Ng5 Rde8 20.Nxf7 Rhf8 21.Raf1 
Re7 22.e6 Bxb2 23.Nxd6+ cxd6 24.Rxf8 Bg7 25.Rf3 Nc7 26.Kd3 Kb8 27.Rf7 Rxf7
28.exf7 Bc8 29.Bxc8 Kxc8 30.f8=Q+ Bxf8 31.Rf1 Ne6 32.Rf7 h6 33.Rxa7 Nc7 
34.b4 d5 35.c5 Kb8 36.Ra3 Ne6 37.Rb3 Ng5 38.Rb1 Ne4 39.Rf1 Bg7 40.Rf7 Bf6 
41.Rh7 Bg5 42.a4 Bc1 43.a5 Ba3 44.a6 Ka8 45.Rb7 Bc1 46.Rb6 Bd2 47.Rxc6 
Bxb4 48.Kd4 1-0

[Event "Nordic Youth Chess Championships 2022: Class C - U15"]
[Site "Scandic Helsingborg Nord, Florettgatan 41, Helsingborg, Sweden"]
[Date "2022.08.26"]
[Round "1.1"]
[White "Trost, Edvin"]
[Black "Gudmundsson, Gunnar Erik"]
[Result "1-0"]
[WhiteElo "2370"]
[BlackElo "1857"]
[TimeControl "90 minutes with 30 seconds increment per move."]
[WhiteTitle "FM"]
[WhiteFideId "1729519"]
[BlackFideId "2314339"]

1.Nf3 Nf6 2.c4 e6 3.Nc3 d5 4.d4 Bb4 5.Bg5 O-O 6.e3 Nbd7 7.Bd3 h6 8.Bh4 
dxc4 9.Bxc4 c5 10.a3 Ba5 11.O-O cxd4 12.exd4 Qc7 13.Bd3 Bxc3 14.Rc1 Qd6 
15.Bg3 Qe7 16.Rxc3 Nd5 17.Rc1 N7f6 18.Qb3 Rd8 19.Rc2 Qe8 20.Rfc1 a5 21.Ne5
a4 22.Qa2 Nb6 23.Rc7 Rxd4 24.Qb1 Nfd7 25.Nf3 Rd5 26.Bh7+ Kh8 27.Be4 Rh5 
28.Qc2 Nf6 29.Ne5 Bd7 30.Bxb7 Rb8 31.Nc6 Bxc6 32.Bxc6 Qf8 33.Rxf7 Qxf7 34.
Bxb8 Nfd5 35.Bg3 Rf5 36.Re1 Qf6 37.Qe2 Nf4 38.Bxf4 Rxf4 39.Be4 Nd5 40.g3 
Qg5 41.h4 Rxh4 42.Qb5 Rxe4 43.Rxe4 Qg6 44.Qb8+ Kh7 45.Qe5 Nf6 46.Re2 Ng4 
47.Qe4 Qf5 48.Qxf5+ exf5 49.f3 Nf6 50.Re5 Kg6 51.Ra5 1-0

[Event "Nordic Youth Chess Championships 2022: Class C - U15"]
[Site "Scandic Helsingborg Nord, Florettgatan 41, Helsingborg, Sweden"]
[Date "2022.08.26"]
[Round "1.2"]
[White "Karde, Douglas"]
[Black "Nielsen-Refs, Karl-Emil Elmer"]
[Result "1/2-1/2"]
[WhiteElo "1655"]
[BlackElo "2057"]
[TimeControl "90 minutes with 30 seconds increment per move."]
[WhiteFideId "1761498"]
[BlackFideId "1452797"]

1.e4 c5 2.Nf3 d6 3.d4 cxd4 4.Nxd4 Nf6 5.Nc3 a6 6.a4 e5 7.Nf3 Be6 8.Ng5 
Nbd7 9.Nxe6 fxe6 10.Bc4 d5 11.exd5 Nb6 12.Bb3 Nbxd5 13.Nxd5 exd5 14.Bg5 
Bc5 15.O-O d4 16.Re1 Qc7 17.Bf4 Bd6 18.Qxd4 Nd7 19.Rad1 O-O-O 20.Qxd6 Qxd6
21.Rxd6 exf4 22.Be6 Kc7 23.Rxd7+ Rxd7 24.Bxd7 Kxd7 25.Re4 Rc8 26.c3 g5 27.
h4 h6 28.hxg5 hxg5 29.Re5 Rg8 30.Kf1 Kd6 31.Rf5 Ke6 32.Rc5 Kd6 33.Ra5 Ke6 
34.Ke2 Re8 35.Kf3 Kf6 36.Rd5 Re7 37.a5 Re6 38.c4 b6 39.b4 Rc6 40.c5 bxa5 
41.bxa5 Re6 42.Rd6 Kf5 43.Rd5+ Kf6 44.g4 fxg3 45.fxg3 Re1 46.Rd6+ Kf5 47.
Rxa6 Rc1 48.Rc6 Rc3+ 49.Kf2 Rc2+ 50.Ke3 Ke5 51.a6 Rc3+ 52.Kf2 Ra3 53.Rg6 
Kf5 54.Rd6 Ke5 55.g4 Ra5 56.Rb6 Rxc5 57.a7 Rc2+ 58.Ke3 Rc3+ 59.Kf2 Ra3 60.
Rb7 Ra2+ 61.Ke3 Ra3+ 62.Ke2 Ra2+ 63.Kf3 1/2-1/2

[Event "Nordic Youth Chess Championships 2022: Class C - U15"]
[Site "Scandic Helsingborg Nord, Florettgatan 41, Helsingborg, Sweden"]
[Date "2022.08.26"]
[Round "1.3"]
[White "Eliseev, Sergey"]
[Black "Religa, Marek"]
[Result "1-0"]
[WhiteElo "2014"]
[BlackElo "1653"]
[TimeControl "90 minutes with 30 seconds increment per move."]
[WhiteFideId "1534734"]
[BlackFideId "1750208"]

1.e4 d6 2.d4 Nf6 3.Nc3 e5 4.Nf3 Nbd7 5.Bc4 Be7 6.dxe5 dxe5 7.Bg5 c6 8.Qe2 
b5 9.Bb3 a5 10.a3 Ba6 11.Bxf6 Bxf6 12.Qe3 Qb6 13.Rd1 Qxe3+ 14.fxe3 Nc5 15.
g4 h6 16.h4 Ke7 17.Rg1 g5 18.h5 Rhd8 19.Nd2 Rd6 20.Ne2 Rad8 21.Ng3 Bc8 22.
Ngf1 Nxe4 23.c3 Nc5 24.Bc2 Nd3+ 25.Ke2 Nxb2 26.Rb1 Nc4 27.Nxc4 bxc4 28.Be4
Be6 29.Kf3 Rd1 30.Ng3 Rxg1 31.Rxg1 Rb8 32.Rb1 Rb3 33.Ne2 Bd5 34.Rd1 Ke6 
35.a4 Be7 36.Rc1 Ba3 37.Rc2 Rb2 38.Rxb2 Bxb2 39.Bxd5+ cxd5 40.Ng3 Bxc3 41.
Nf5 Bb2 42.Ke2 d4 43.e4 Bc1 44.Kd1 Bf4 45.Kc2 d3+ 46.Kc3 Bc1 47.Nxh6 Kf6 
48.Nf5 Bf4 49.Nd6 d2 50.Kc2 c3 51.Nb5 Kg7 52.Nxc3 Kh6 53.Nb1 Kg7 54.Nxd2 
Bxd2 55.Kxd2 Kf6 56.Kc3 Ke7 57.Kc4 Ke6 58.Kb5 Ke7 59.Kxa5 f5 60.exf5 e4 
61.Kb4 1-0

[Event "Nordic Youth Chess Championships 2022: Class C - U15"]
[Site "Scandic Helsingborg Nord, Florettgatan 41, Helsingborg, Sweden"]
[Date "2022.08.26"]
[Round "1.4"]
[White "Moisio, Miska"]
[Black "Lye, Sverre"]
[Result "0-1"]
[WhiteElo "1437"]
[BlackElo "1963"]
[TimeControl "90 minutes with 30 seconds increment per move."]
[WhiteFideId "515914"]
[BlackFideId "1539353"]

1.d4 Nf6 2.c4 c5 3.d5 b5 4.cxb5 a6 5.b6 e6 6.Nc3 Nxd5 7.Nxd5 exd5 8.Qxd5 
Nc6 9.e3 Be7 10.Nf3 O-O 11.Be2 Qxb6 12.O-O d6 13.b3 Bf6 14.Rb1 Nb4 15.Qe4 
Bb7 16.Qf5 d5 17.a3 Na2 18.Bb2 Nc3 19.Bxc3 Bxc3 20.Rfc1 Bf6 21.Ne5 Bc8 22.
Qf4 Be6 23.Nd3 Rac8 24.b4 c4 25.Nc5 Be7 26.Na4 Qa7 27.Nc3 Bf6 28.a4 Rfd8 
29.Bg4 Qd7 30.Bf3 Bxc3 31.Rxc3 Qxa4 32.Qd4 Rb8 33.e4 dxe4 34.Qxe4 Rxb4 35.
Rbc1 Rb6 36.Be2 Rbd6 37.h3 Rd4 38.Qb1 Qb5 39.Qa1 Qe5 40.Re3 Qd6 41.Ra3 Bc8
42.Ra4 Bb7 43.Bxc4 Qf4 44.Bb3 Qg5 45.g3 Rxa4 46.Bxa4 Qd5 47.Kf1 Qg2+ 48.
Ke2 Qxh3 49.Qc3 Qg4+ 50.Ke1 Qxa4 51.Qc7 Qe4+ 52.Kf1 Qg2+ 53.Ke2 Re8+ 54.
Kd3 Qe4+ 55.Kd2 Qe2+ 0-1

[Event "Nordic Youth Chess Championships 2022: Class C - U15"]
[Site "Scandic Helsingborg Nord, Florettgatan 41, Helsingborg, Sweden"]
[Date "2022.08.26"]
[Round "1.5"]
[White "Hald Falkesgaard, Jeppe"]
[Black "Petersen, Elias"]
[Result "1-0"]
[WhiteElo "1962"]
[BlackElo "1423"]
[TimeControl "90 minutes with 30 seconds increment per move."]
[WhiteFideId "1464981"]
[BlackFideId "7202725"]

1.d4 d5 2.c4 e6 3.Nc3 Nf6 4.cxd5 exd5 5.Bg5 Be7 6.e3 O-O 7.Bd3 b6 8.Bxf6 
Bxf6 9.Qh5 g6 10.Qxd5 c6 11.Qf3 Bg7 12.Nge2 Bb7 13.h4 h5 14.O-O-O Qc8 15.
Be4 Nd7 16.g4 hxg4 17.Qxg4 Nf6 18.Qxc8 Raxc8 19.Bf3 Ba8 20.h5 Nxh5 21.Bxh5
gxh5 22.Rxh5 f6 23.Rg1 c5 24.d5 Rf7 25.Nf4 Rd7 26.Rf5 Kf7 27.e4 Rg8 28.Kc2
Bh8 29.Rh1 Bg7 30.e5 Rdd8 31.e6+ Ke8 32.Rh7 a6 33.Nh5 Bh8 34.Ne4 Rf8 35.
Nexf6+ Bxf6 36.Nxf6+ Rxf6 37.Rxf6 Rxd5 38.Rg6 Rf5 39.Rg8+ Rf8 40.Rxf8+ 
Kxf8 41.Rh8+ 1-0

[Event "Nordic Youth Chess Championships 2022: Class C - U15"]
[Site "Scandic Helsingborg Nord, Florettgatan 41, Helsingborg, Sweden"]
[Date "2022.08.26"]
[Round "1.6"]
[White "Jacobsen, Markus"]
[Black "Skarphedinsson, Ingvar Wu"]
[Result "0-1"]
[WhiteElo "1324"]
[BlackElo "1875"]
[TimeControl "90 minutes with 30 seconds increment per move."]
[WhiteFideId "7202989"]
[BlackFideId "2316943"]

1.e4 e6 2.d4 d5 3.e5 c5 4.c3 Nc6 5.Nf3 Qb6 6.Qb3 c4 7.Qxb6 axb6 8.Be2 Bd7 
9.O-O b5 10.Bf4 b4 11.cxb4 Bxb4 12.Bd2 Bxd2 13.Nbxd2 Nge7 14.Rfd1 O-O 15.
a3 Ra7 16.Nb1 Na5 17.Nbd2 Ba4 18.Re1 Nb3 19.Nxb3 Bxb3 20.Bd1 Bxd1 21.Raxd1
b5 22.Re3 Rb8 23.Ne1 Nc6 24.Nc2 b4 25.Nxb4 Nxb4 26.axb4 Rxb4 27.Re2 Ra2 
28.Kf1 Rbxb2 29.Rxb2 Rxb2 30.Ke1 h6 31.Ra1 Kh7 32.Ra7 Kg6 33.Rc7 f6 34.Rc6
Kf5 35.exf6 gxf6 36.g4+ Ke4 37.Rxe6+ Kd3 38.Re3+ Kxd4 39.Rh3 c3 40.Kd1 
Rxf2 41.Rxh6 Kc4 42.Rh8 d4 43.Rh7 d3 0-1

[Event "Nordic Youth Chess Championships 2022: Class C - U15"]
[Site "Scandic Helsingborg Nord, Florettgatan 41, Helsingborg, Sweden"]
[Date "2022.08.26"]
[Round "2.1"]
[White "Lye, Sverre"]
[Black "Trost, Edvin"]
[Result "1-0"]
[WhiteElo "1963"]
[BlackElo "2370"]
[TimeControl "90 minutes with 30 seconds increment per move."]
[BlackTitle "FM"]
[WhiteFideId "1539353"]
[BlackFideId "1729519"]

1.e4 e5 2.Nf3 Nc6 3.Bb5 a6 4.Ba4 b5 5.Bb3 Na5 6.O-O d6 7.c3 Nxb3 8.axb3 
Nf6 9.Re1 Be7 10.d4 exd4 11.Nxd4 Bd7 12.Qf3 O-O 13.Bg5 Re8 14.Nd2 h6 15.
Bh4 Bg4 16.Qd3 Qd7 17.h3 Be6 18.N2f3 Nh5 19.Nxe6 Qxe6 20.Nd4 Qd7 21.Qf3 g6
22.Bxe7 Qxe7 23.b4 Ng7 24.e5 dxe5 25.Nc6 Qd6 26.Nxe5 f5 27.Rad1 Qe6 28.Kh2
Kh7 29.Nd7 Qf7 30.Qc6 Rxe1 31.Rxe1 Rd8 32.Ne5 Qe8 33.Qxc7 Rc8 34.Qd7 Qf8 
35.Nc6 h5 36.Kh1 f4 37.Nd4 Rd8 38.Ne6 1-0

[Event "Nordic Youth Chess Championships 2022: Class C - U15"]
[Site "Scandic Helsingborg Nord, Florettgatan 41, Helsingborg, Sweden"]
[Date "2022.08.26"]
[Round "2.2"]
[White "Skarphedinsson, Ingvar Wu"]
[Black "Eliseev, Sergey"]
[Result "1-0"]
[WhiteElo "1875"]
[BlackElo "2014"]
[TimeControl "90 minutes with 30 seconds increment per move."]
[WhiteFideId "2316943"]
[BlackFideId "1534734"]

1.d4 Nf6 2.Bf4 e6 3.e3 b6 4.Nd2 Bb7 5.Ngf3 Ne4 6.Nxe4 Bxe4 7.Bd3 Bb7 8.c3 
Be7 9.O-O d6 10.e4 Nd7 11.Qe2 c5 12.Ba6 Bxa6 13.Qxa6 O-O 14.Rfe1 Qc7 15.
Rad1 Rfd8 16.Qe2 e5 17.dxe5 dxe5 18.Bg3 c4 19.Rd5 f6 20.Nd4 Nf8 21.Nf5 
Rxd5 22.Nxe7+ Qxe7 23.Qxc4 Rd8 24.exd5 Qf7 25.Rd1 Ne6 26.Qe2 Nc5 27.c4 b5 
28.b3 bxc4 29.bxc4 Na4 30.Rc1 Qc7 31.Qc2 Nb6 32.f4 exf4 33.Bf2 Rc8 34.Bxb6
axb6 35.Qe4 Qd6 36.Re1 g6 37.Qe6+ Qxe6 38.Rxe6 Rxc4 39.Rxb6 Rd4 40.Rxf6 
Rxd5 41.Rxf4 Rd1+ 42.Rf1 Rd2 43.Ra1 Rd5 44.a4 Kf7 45.a5 Ke6 46.a6 Rd8 47.
Kf2 Rf8+ 48.Kg3 Kd7 49.Kg4 h6 50.a7 Ra8 51.Ra6 Kc7 52.Rxg6 Kb7 53.Rg7+ Kb6
54.Kh5 Rh8 55.g4 1-0

[Event "Nordic Youth Chess Championships 2022: Class C - U15"]
[Site "Scandic Helsingborg Nord, Florettgatan 41, Helsingborg, Sweden"]
[Date "2022.08.26"]
[Round "2.3"]
[White "Nielsen-Refs, Karl-Emil Elmer"]
[Black "Hald Falkesgaard, Jeppe"]
[Result "1-0"]
[WhiteElo "2057"]
[BlackElo "1962"]
[TimeControl "90 minutes with 30 seconds increment per move."]
[WhiteFideId "1452797"]
[BlackFideId "1464981"]

1.d4 Nf6 2.c4 c6 3.Nc3 d5 4.Nf3 e6 5.Bg5 dxc4 6.e4 b5 7.e5 h6 8.Bh4 g5 9.
Nxg5 hxg5 10.Bxg5 Be7 11.Bxf6 Bxf6 12.exf6 Qxf6 13.a4 Rh4 14.axb5 Rxd4 15.
Qh5 Bb7 16.Be2 Nd7 17.O-O Ne5 18.f4 Nd7 19.Bf3 Rd6 20.Ne4 Qd4+ 21.Kh1 Rd5 
22.Ng5 Qf6 23.Bxd5 cxd5 24.Nxe6 Qxb2 25.Nc7+ Kf8 26.Nxa8 d4 27.Qh8+ Ke7 
28.Rae1+ Kd6 29.Rg1 Qf2 30.Rd1 f6 31.Qd8 Bd5 32.Qc7+ Ke6 33.Rde1+ Ne5 34.
Rxe5+ 1-0

[Event "Nordic Youth Chess Championships 2022: Class C - U15"]
[Site "Scandic Helsingborg Nord, Florettgatan 41, Helsingborg, Sweden"]
[Date "2022.08.26"]
[Round "2.4"]
[White "Gudmundsson, Gunnar Erik"]
[Black "Karde, Douglas"]
[Result "0-1"]
[WhiteElo "1857"]
[BlackElo "1655"]
[TimeControl "90 minutes with 30 seconds increment per move."]
[WhiteFideId "2314339"]
[BlackFideId "1761498"]

1.d4 Nf6 2.c4 g6 3.Nc3 d5 4.Bf4 Bg7 5.e3 O-O 6.Rc1 c5 7.dxc5 Qa5 8.cxd5 
Ne4 9.Ne2 Nxc5 10.a3 Ne4 11.f3 Nxc3 12.Nxc3 Rd8 13.Kf2 e6 14.Nb5 e5 15.Bg5
f6 16.Bxf6 Bxf6 17.Nc7 Kg7 18.Qe1 Qb6 19.b4 e4 20.Be2 exf3 21.Bxf3 Na6 22.
Nxa8 Qd6 23.b5 Nc5 24.Rxc5 Qxc5 25.Qc1 Qe7 26.Nc7 Be5 27.b6 axb6 28.Nb5 
Bd7 29.a4 Qh4+ 30.g3 Qxa4 31.Qa3 Qc2+ 32.Ke1 Re8 33.Bd1 Qg2 34.Rf1 Bxb5 
35.Rf2 Qg1+ 0-1

[Event "Nordic Youth Chess Championships 2022: Class C - U15"]
[Site "Scandic Helsingborg Nord, Florettgatan 41, Helsingborg, Sweden"]
[Date "2022.08.26"]
[Round "2.5"]
[White "Religa, Marek"]
[Black "Jacobsen, Markus"]
[Result "1-0"]
[WhiteElo "1653"]
[BlackElo "1324"]
[TimeControl "90 minutes with 30 seconds increment per move."]
[WhiteFideId "1750208"]
[BlackFideId "7202989"]

1.d4 d5 2.Bf4 Nf6 3.e3 c5 4.c3 e6 5.Nf3 Nc6 6.Nbd2 Bd6 7.Bg3 a6 8.a4 Ne4 
9.Nxe4 dxe4 10.Nd2 f5 11.Bxd6 Qxd6 12.Nc4 Qe7 13.dxc5 Qxc5 14.Qh5+ g6 15.
Qh6 Qf8 16.Qf4 Qf6 17.Qd6 Qe7 18.Qxe7+ Kxe7 19.O-O-O Bd7 20.Nb6 Rad8 21.b4
Ne5 22.Be2 Bc8 23.Kc2 Nd7 24.Nc4 Nf6 25.Kb3 Nd5 26.Na5 Kf6 27.c4 Ne7 28.
Kc3 b6 29.Nb3 Bb7 30.Kb2 Nc6 31.Ka3 Ne5 32.Rd4 Nc6 33.Rdd1 Ne5 34.Rd4 Nc6 
35.Rxd8 Rxd8 36.Rd1 Rxd1 37.Bxd1 Ne5 38.Be2 Nd3 39.Bxd3 exd3 40.f3 g5 41.
Kb2 g4 42.fxg4 Bxg2 43.gxf5 Kxf5 44.Kc3 Ke4 45.Kd2 Kf3 46.Nd4+ Kg4 47.Nxe6
Bc6 48.b5 axb5 49.axb5 Be4 50.Nf4 h5 51.Nxd3 h4 52.Nf2+ Kf3 53.Nxe4 Kxe4 
54.c5 Kd5 55.cxb6 Kd6 56.Kd3 Kd7 57.Kd4 1-0

[Event "Nordic Youth Chess Championships 2022: Class C - U15"]
[Site "Scandic Helsingborg Nord, Florettgatan 41, Helsingborg, Sweden"]
[Date "2022.08.26"]
[Round "2.6"]
[White "Petersen, Elias"]
[Black "Moisio, Miska"]
[Result "1/2-1/2"]
[WhiteElo "1423"]
[BlackElo "1437"]
[TimeControl "90 minutes with 30 seconds increment per move."]
[WhiteFideId "7202725"]
[BlackFideId "515914"]

1.e4 d6 2.d4 Nf6 3.Bd3 e5 4.dxe5 dxe5 5.Nc3 Be7 6.Bd2 Nbd7 7.Nf3 O-O 8.O-O
c6 9.Ne2 Nc5 10.Ng3 Nxd3 11.cxd3 Qxd3 12.Nxe5 Qb5 13.Bc3 Bb4 14.Qb3 a5 15.
Bxb4 axb4 16.Nf3 Be6 17.Qc2 Rxa2 18.Rxa2 b3 19.Nd4 Qxf1+ 20.Kxf1 bxc2 21.
Ra1 Bc4+ 22.Ke1 c5 23.Nxc2 Bd3 24.Ne3 Nxe4 25.Rd1 Nxg3 26.Rxd3 Ne4 27.Rb3 
Nd6 28.Rd3 Nc8 29.Rd7 b5 30.Rc7 c4 31.Nf5 g6 32.Rxc8 gxf5 33.Rc5 Rb8 34.
Rxf5 b4 35.Kd2 Rd8+ 36.Ke2 Rb8 37.Rc5 c3 38.Kd1 Rd8+ 39.Kc1 Rd2 40.bxc3 
bxc3 41.Rxc3 Rxf2 42.Rg3+ Kf8 43.Kd1 Ke7 44.Ke1 Ra2 45.Re3+ Kf6 46.Re2 Ra5
47.h3 Kg6 48.Re3 f5 49.Kf2 Kg5 50.Rb3 h5 51.Kf3 Ra4 52.Kg3 Rc4 53.Rb8 Rc3+
54.Kh2 Rc2 55.Rb4 f4 56.Rb5+ Kh4 57.Rf5 Rc4 58.Kg1 Kg3 59.Rg5+ Kh4 60.Rf5 
Kg3 1/2-1/2

[Event "Nordic Youth Chess Championships 2022: Class C - U15"]
[Site "Scandic Helsingborg Nord, Florettgatan 41, Helsingborg, Sweden"]
[Date "2022.08.27"]
[Round "3.1"]
[White "Skarphedinsson, Ingvar Wu"]
[Black "Lye, Sverre"]
[Result "1/2-1/2"]
[WhiteElo "1875"]
[BlackElo "1963"]
[TimeControl "90 minutes with 30 seconds increment per move."]
[WhiteFideId "2316943"]
[BlackFideId "1539353"]

1.d4 Nf6 2.Bf4 d5 3.e3 e6 4.Nf3 Bd6 5.Bg3 O-O 6.Nbd2 c5 7.c3 Qc7 8.Ne5 
Nbd7 9.Ndf3 Ne4 10.Bd3 Ndf6 11.Qc2 c4 12.Nxc4 Nxg3 13.hxg3 dxc4 14.Bxh7+ 
Kh8 15.Be4+ Kg8 16.Bh7+ Kh8 17.Be4+ Kg8 18.Bh7+ Kh8 1/2-1/2

[Event "Nordic Youth Chess Championships 2022: Class C - U15"]
[Site "Scandic Helsingborg Nord, Florettgatan 41, Helsingborg, Sweden"]
[Date "2022.08.27"]
[Round "3.2"]
[White "Trost, Edvin"]
[Black "Nielsen-Refs, Karl-Emil Elmer"]
[Result "1/2-1/2"]
[WhiteElo "2370"]
[BlackElo "2057"]
[TimeControl "90 minutes with 30 seconds increment per move."]
[WhiteTitle "FM"]
[WhiteFideId "1729519"]
[BlackFideId "1452797"]

1.d4 Nf6 2.c4 g6 3.g3 Bg7 4.Bg2 O-O 5.Nc3 d6 6.Nf3 c5 7.dxc5 dxc5 8.O-O 
Nc6 9.Be3 Qa5 10.Qb3 Be6 11.Qxb7 Nb4 12.Bf4 Bxc4 13.a3 Ba6 14.Bc7 Bxb7 15.
Bxa5 Nc6 16.Bc7 Rac8 17.Bf4 Nd4 18.Rfd1 Nxf3+ 19.Bxf3 Bxf3 20.exf3 Rfd8 
21.Rac1 e6 22.Be5 Nd5 23.Bxg7 Kxg7 24.Na4 c4 25.Rd4 c3 26.Nxc3 Nxc3 27.
Rxc3 Rxc3 28.bxc3 Rc8 29.Rd3 Rc4 30.Rd4 Rxc3 31.Ra4 Rxf3 32.Rxa7 Rb3 33.a4
Ra3 34.Kf1 Ra2 35.Kg2 Ra3 36.a5 e5 37.h3 h5 38.Kf1 Ra2 39.Kg2 Ra3 40.h4 e4
41.Re7 Rxa5 42.Rxe4 Ra3 43.Re2 Rb3 44.f3 Ra3 45.Rf2 Ra4 46.Kh3 f5 47.Rc2 
Ra6 48.Rc7+ Kf6 49.f4 Ra2 50.Rc6+ Kf7 51.Rc3 Kf6 52.Rc6+ Kf7 53.Rc3 Kf6 
54.Rc6+ Kf7 1/2-1/2

[Event "Nordic Youth Chess Championships 2022: Class C - U15"]
[Site "Scandic Helsingborg Nord, Florettgatan 41, Helsingborg, Sweden"]
[Date "2022.08.27"]
[Round "3.3"]
[White "Karde, Douglas"]
[Black "Eliseev, Sergey"]
[Result "0-1"]
[WhiteElo "1655"]
[BlackElo "2014"]
[TimeControl "90 minutes with 30 seconds increment per move."]
[WhiteFideId "1761498"]
[BlackFideId "1534734"]

1.e4 c5 2.Nf3 d6 3.d4 Nf6 4.Nc3 cxd4 5.Nxd4 a6 6.h3 e5 7.Nde2 h5 8.g3 b5 
9.Bg2 Bb7 10.Bg5 Nbd7 11.a3 Be7 12.O-O Nb6 13.b3 Nfd7 14.Be3 f5 15.exf5 
Bxg2 16.Kxg2 Nf6 17.f3 Rc8 18.Rc1 Rc6 19.g4 hxg4 20.hxg4 d5 21.Bxb6 Rxb6 
22.b4 d4 23.Ne4 Nd5 24.Kg1 Rbh6 25.N2g3 Bg5 26.Nxg5 Qxg5 27.Qe2 Qf4 28.Nh5
Rxh5 29.gxh5 Rxh5 30.Rce1 Ne3 31.Rf2 Kf7 32.Ra1 Rg5+ 33.Kh1 Nxf5 34.Rg1 
Ng3+ 35.Rxg3 Qxg3 36.Rg2 Qxg2+ 37.Qxg2 Rxg2 38.Kxg2 Kf6 39.Kf2 Kf5 40.Ke2 
Kf4 41.Kf2 g5 0-1